 Dungeon Crawl Stone Soup version 0.25-a0-613-gf4b266557c (webtiles) character file.

Game seed: 4411405516288381207, levelgen mode: deterministic

2431 Mehrunes the Arsonist (level 9, -1/45 HPs)
             Began as a Deep Elf Fire Elementalist on Mar 17, 2020.
             Was a Follower of Kikubaaqudgha.
             Slain by a wraith (10 damage)
             ... on level 7 of the Dungeon.
             The game lasted 00:26:09 (7844 turns).

Mehrunes the Arsonist (Deep Elf Fire Elementalist)  Turns: 7844, Time: 00:26:10

Health: -1/45      AC:  7    Str:  5    XL:     9   Next: 24%
Magic:  27/32      EV: 13    Int: 24    God:    Kikubaaqudgha [*.....]
Gold:   354        SH:  0    Dex: 15    Spells: 3/24 levels left

rFire    + . .     SeeInvis .   C - +1 whip (elec)
rCold    x . .     Gourm    .   (no shield)
rNeg     . . .     Faith    .   a - +0 robe
rPois    .         Spirit   .   u - +0 helmet
rElec    .         Reflect  .   g - +0 cloak
rCorr    .         Harm     .   D - +1 pair of gloves
MR       .....                  A - +0 pair of boots {Fly}
Stlth    ++........             (no amulet)
HPRegen  0.15/turn              m - ring of magical power
MPRegen  0.23/turn              q - ring of fire

@: flying
A: no striking features
a: Receive Corpses, Renounce Religion, Stop Flying


You were on level 7 of the Dungeon.
You worshipped Kikubaaqudgha.
Kikubaaqudgha was aware of your devotion.
You were hungry.

You visited 2 branches of the dungeon, and saw 8 of its levels.

You collected 354 gold pieces.

Inventory:

Hand Weapons
 l - a +2 dagger of venom
 C - a +1 whip of electrocution (weapon)
Armour
 a - a +0 robe (worn)
 g - a +0 cloak (worn)
 k - a +0 leather armour
 u - a +0 helmet (worn)
 A - a +0 pair of boots of flying (worn)
 D - a +1 pair of gloves (worn)
Jewellery
 m - a ring of magical power (left hand)
 p - an uncursed ring of attention
 q - a ring of fire (right hand)
 r - an uncursed ring of positive energy
 w - an uncursed ring of resist corrosion
 F - an uncursed ring of stealth {unknown}
Wands
 h - a wand of polymorph (5)
 y - a wand of iceblast (7)
Scrolls
 b - a scroll of noise
 d - 5 scrolls of identify
 e - 2 scrolls of enchant armour {unknown}
 f - 2 scrolls of fog
 i - 3 scrolls of magic mapping
 o - 4 scrolls of amnesia {unknown}
 t - 2 scrolls of teleportation {unknown}
 z - 3 scrolls of remove curse
 E - a scroll of vulnerability {unknown}
Potions
 j - 4 potions of curing
 n - 3 potions of heal wounds {unknown}
 s - a potion of flight {unknown}
 v - 3 potions of might {unknown}
 B - a potion of brilliance {unknown}
Comestibles
 c - 14 rations


   Skills:
 - Level 2.4 Dodging
 - Level 2.4 Stealth
 + Level 8.1 Spellcasting
 * Level 8.1 Conjurations
 - Level 3.0 Hexes
 - Level 1.5 Translocations
 * Level 9.0 Fire Magic


You had 3 spell levels left.
You knew the following spells:

 Your Spells              Type           Power        Failure   Level  Hunger
a - Foxfire               Conj/Fire      ####         1%          1    None
b - Inner Flame           Hex/Fire       ######..     1%          3    None
c - Conjure Flame         Conj/Fire      ######..     1%          3    None
d - Sticky Flame          Conj/Fire      ######..     1%          4    ##.....
e - Fireball              Conj/Fire      ######....   5%          5    #####..
f - Blink                 Tloc           N/A          4%          2    None
g - Mephitic Cloud        Conj/Pois/Air  ###.....     6%          3    None

Your spell library contained the following spells:

 Spells                   Type           Power        Failure   Level  Hunger
 Magic Dart               Conj           ####         1%          1    None
 Slow                     Hex            ###.....     2%          2    None
 Animate Skeleton         Necr           N/A          6%          1    None
 Pain                     Necr           #...         6%          1    None
 Call Imp                 Summ           #.......     10%         2    None
 Sublimation of Blood     Necr           #.........   10%         2    None
 Vampiric Draining        Necr           #.........   19%         3    None


Dungeon Overview and Level Annotations

Branches:
Dungeon (7/15)             Temple (1/1) D:4

Altars:
Ashenzari
Cheibriados
Dithmenos
Elyvilon
Fedhas
Hepliaklqana
Kikubaaqudgha
Makhleb
Nemelex Xobeh
Okawaru
Ru
Sif Muna
Uskayaw
Vehumet
Wu Jian
Xom
Yredelemnul
Zin
The Shining One

Shops:
D:4 (


Message History

The wraith closely misses you. The yak gores you!
* * * LOW HITPOINT WARNING * * *
The wraith completely misses you. The yak misses you.
The yak gores you but does no damage. The yak closely misses you.
Press: ? - help, v - describe, . - travel
Here: a yak The floor.
The yak misses you. The yak completely misses you.
Your magical contamination has completely faded away.
The yak barely misses you.
You feel yourself speed up. The yak gores you but does no damage.
The wraith barely misses you. The wraith hits you!
* * * LOW HITPOINT WARNING * * *
The wraith hits you!
You die...
Kikubaaqudgha rasps: "You have failed me!
Welcome... death!"

##.....##
#.....##
#......##
.#
#..##...#
#.##
#...###..##
#... ##.#
##YY## #...
##
#...####..#
##..W.##.#
##..@...#
####...#
##..# #..#
#..#
####.##
##.#...##
#.......###
#.........#


You could see a yak, a wraith and an ice beast.

Vanquished Creatures
  Pikel (D:4)
  Edmund (D:4)
  A black bear (D:6)
  2 phantoms
  An orc warrior (D:7)
  3 slaves (D:4)
  2 ogres
  3 bullfrogs
  5 scorpions
  A crimson imp (D:5)
  A centaur zombie (D:5)
  A bullfrog zombie (D:6)
  2 hounds
  A quasit (D:7)
  A gnoll shaman (D:5)
  2 orc priests
  Terence (D:3)
  Natasha (thrice) (D:2)
  An orc wizard (D:4)
  7 worker ants
  A worker ant zombie (D:2)
  11 gnolls
  14 adders
  2 oozes
  3 worms (D:2)
  2 adder skeletons
  2 dart slugs
  A leopard gecko (D:1)
  8 orcs
  2 bat zombies (D:1)
  5 giant cockroaches
  12 goblins
  3 hobgoblins
  5 jackals (D:6)
  11 kobolds
  A quokka (D:2)
  2 ball pythons
  7 bats
  3 frilled lizards
  A giant cockroach zombie (D:5)
  A jackal zombie (D:4)
  12 rats
149 creatures vanquished.

Vanquished Creatures (others)
  642 foxfires
642 creatures vanquished.

Grand Total: 791 creatures vanquished

Notes
Turn   | Place    | Note
-------+----------+-------------------------------------------
     0 | D:1      | Mehrunes the Deep Elf Fire Elementalist began the quest for
                  | the Orb.
     0 | D:1      | Reached XP level 1. HP: 10/10 MP: 6/6
   145 | D:1      | Reached XP level 2. HP: 15/15 MP: 4/8
   619 | D:1      | Reached XP level 3. HP: 19/19 MP: 5/10
  1249 | D:1      | Learned a level 3 spell: Inner Flame
  1337 | D:2      | Found a faded altar of an unknown god.
  1343 | D:2      | Noticed Natasha
  1347 | D:2      | Killed Natasha
  1347 | D:2      | Reached skill level 1 in Hexes
  1387 | D:2      | Reached XP level 4. HP: 24/24 MP: 5/11
  1603 | D:2      | Learned a level 3 spell: Conjure Flame
  1629 | D:2      | Found a shattered altar of Ashenzari.
  2168 | D:2      | Noticed Natasha
  2240 | D:2      | Killed Natasha
  2240 | D:2      | Reached skill level 4 in Fire Magic
  2352 | D:2      | Found a blossoming altar of Fedhas.
  2569 | D:2      | Noticed Natasha
  2575 | D:2      | Killed Natasha
  2575 | D:2      | Reached XP level 5. HP: 28/28 MP: 6/13
  3097 | D:3      | Found a glowing silver altar of Zin.
  3131 | D:3      | Learned a level 4 spell: Sticky Flame
  3178 | D:3      | Noticed Terence
  3190 | D:3      | Killed Terence
  3190 | D:3      | Reached skill level 5 in Spellcasting
  3426 | D:2      | HP: 1/28 [kobold/+0 short sword of protection (4)]
  3907 | D:3      | Reached skill level 5 in Fire Magic
  3907 | D:3      | Reached XP level 6. HP: 32/32 MP: 11/15
  4098 | D:3      | Found a shadowy altar of Dithmenos.
  4609 | D:4      | Found an ornate altar of the Wu Jian Council.
  4613 | D:4      | Found a hide-covered altar of Uskayaw.
  4662 | D:4      | Reached XP level 7. HP: 36/36 MP: 16/17
  4749 | D:4      | Noticed Edmund
  4759 | D:4      | Killed Edmund
  4759 | D:4      | Reached skill level 6 in Fire Magic
  4785 | D:4      | Noticed Pikel
  4791 | D:4      | Killed Pikel
  4791 | D:4      | Reached skill level 7 in Fire Magic
  4791 | D:4      | Reached XP level 8. HP: 41/41 MP: 7/20
  4809 | D:4      | Found Tanlorog's Antique Weapon Emporium.
  4904 | D:4      | Learned a level 5 spell: Fireball
  4968 | D:4      | Found a staircase to the Ecumenical Temple.
  5081 | Temple   | Entered the Ecumenical Temple
  5375 | Temple   | Became a worshipper of Kikubaaqudgha
  5388 | D:5      | Entered Level 5 of the Dungeon
  5560 | D:5      | Found a sacrificial altar of Ru.
  5609 | D:5      | Learned a level 2 spell: Blink
  5853 | D:5      | Reached skill level 1 in Translocations
  6455 | D:6      | Reached * piety under Kikubaaqudgha
  6455 | D:6      | Identified Kikubaaqudgha's Papyrus of Black Magic
                  | (Kikubaaqudgha gifted it to you on level 6 of the Dungeon)
  6455 | D:6      | Received a gift from Kikubaaqudgha
  6455 | D:6      | Reached skill level 8 in Fire Magic
  6539 | D:6      | Learned a level 3 spell: Mephitic Cloud
  6758 | D:6      | Found a sparkling altar of Nemelex Xobeh.
  6758 | D:6      | Found a shimmering altar of Xom.
  6759 | D:6      | Found a radiant altar of Vehumet.
  7306 | D:7      | Reached XP level 9. HP: 36/45 MP: 21/22
  7521 | D:7      | Reached skill level 9 in Fire Magic
  7844 | D:7      | Slain by a wraith

Levels and vault maps discovered:
D:1:      saegor_arrival_fortress, layout_basic, serial_bayou_ford_a,
          minmay_pentomino_q2
D:2:      layout_basic, lemuel_crystal_altar, ashenzari_altar_1,
          chequers_ecumenical_altar_simple, uniq_natasha
D:3:      minmay_spotlight, layout_basic, zin_academy,
          grunt_dithmenos_smoke_and_mirrors, first_ration, uniq_terence
D:4:      layout_rooms, chequers_temple_overflow_statue_of_worship,
          temple_statues, serial_shops, shop,
          eino_small_chamber_without_monster, uniq_edmund, uniq_pikel
D:5:      layout_rooms, kennysheep_little_box
D:6:      layout_loops_corners, gammafunk_temple_overflow_claw
D:7:      minmay_opposing_rooms, layout_layer_cave
Temple:   compressed_dpeg_triangle_lava_temple

Skill      XL: |  1  2  3  4  5  6  7  8  9 |
---------------+----------------------------+-----
Conjurations   | 2 3 4 6 7 8 |  8.1
Hexes          | 1 3 |  3.0
Spellcasting   | 4 5 6 7 8 |  8.1
Fire Magic     | 4 5 7 8 9 |  9.0
Translocations | 1 |  1.5
Dodging        | |  2.4
Stealth        | |  2.4

Action                   |  1- 3 |  4- 6 |  7- 9 || total
-------------------------+-------+-------+-------++-------
Melee: Unarmed           |     4 |       |       ||     4
       Dagger            |       |     1 |       ||     1
       Whip              |       |       |    44 ||    44
 Cast: Foxfire           |    68 |   174 |   221 ||   463
       Inner Flame       |       |     2 |       ||     2
       Conjure Flame     |       |     1 |     2 ||     3
       Sticky Flame      |       |       |    12 ||    12
  Use: Scroll            |       |     5 |       ||     5
       Potion            |       |     1 |     1 ||     2
 Stab: Sleeping          |       |       |     1 ||     1
  Eat: Chunk             |     1 |    10 |    10 ||    21
Armor: Robe              |    11 |     2 |    29 ||    42
       Leather armour    |       |     2 |       ||     2
Dodge: Dodged            |    21 |    14 |    77 ||   112

Table legend:
 A = Non-vault XP
 B = Vault XP
 C = Vault XP percentage of total XP
 D = Non-vault monster count
 E = Vault monster count
 F = Vault count percentage of total count
                 A         B        C        D         E       F
            +---------+---------+-------+---------+---------+-------
      Total |    2207 |    1267 |  36.5 |     131 |      15 |  10.3
            +---------+---------+-------+---------+---------+-------
        D:1 |      42 |      13 |  23.6 |      27 |       4 |  12.9
        D:2 |     145 |      34 |  19.0 |      26 |       1 |   3.7
        D:3 |     157 |      50 |  24.2 |      20 |       3 |  13.0
        D:4 |     465 |     775 |  62.5 |      12 |       2 |  14.3
        D:5 |     407 |       0 |   0.0 |      17 |       0 |   0.0
        D:6 |     640 |       0 |   0.0 |      21 |       0 |   0.0
        D:7 |     351 |     395 |  52.9 |       8 |       5 |  38.5
            +---------+---------+-------+---------+---------+-------
